 Dungeon Crawl Stone Soup version 0.27.0-1-g7a089689b8 (webtiles) character file.

Game seed: 15754201616740393156

20661 SnakkuSnakku7 the Severer (level 12, -2/60 HPs)
             Began as a Vine Stalker Berserker on Aug 11, 2021.
             Was a High Priest of Trog.
             Succumbed to barbed spike wounds
             ... on level 13 of the Dungeon.
             The game lasted 00:12:44 (8645 turns).

SnakkuSnakku7 the Severer (Vine Stalker Berserker)  Turns: 8645, Time: 00:12:45

Health: -2/60      AC: 20    Str: 25    XL:     12   Next: 81%
Magic:  0/13       EV:  7    Int:  7    God:    Trog [*****.]
Gold:   325        SH:  5    Dex: 14    Spells: 11/11 levels left

rFire    + . .     SeeInvis .   a - +5 broad axe (vorpal)
rCold    . . .     Faith    .   (no shield)
rNeg     . . .     Spirit   +   B - +0 plate armour
rPois    .         Reflect  +   d - +2 helmet
rElec    .         Harm     .   y - +0 cloak
rCorr    +         Rampage  .   (no gloves)
Will     +....                  g - +1 pair of boots
Stlth    ..........             H - amulet of reflection
HPRegen  1.20/turn              f - ring of Ubotan {rF+ rCorr}
MPRegen  0.13/turn              G - +4 ring of protection

@: spiked, on berserk cooldown, slowed, very slow
A: fangs 3, regeneration 1, magic shield, antimagic bite, no potion heal 2
a: Renounce Religion, Berserk, Trog's Hand, Brothers in Arms


You were on level 13 of the Dungeon.
You worshipped Trog.
Trog was extremely pleased with you.
You visited 1 branch of the dungeon, and saw 13 of its levels.

You collected 775 gold pieces.
You spent 450 gold pieces at shops.

Inventory:

Hand Weapons
 a - a +5 vorpal broad axe (weapon)
 D - a +1 scimitar of flaming
Armour
 d - a +2 helmet (worn)
 g - a +1 pair of boots (worn)
 s - a +0 kite shield
 y - a +0 cloak (worn)
 B - a +0 plate armour (worn)
 E - a +0 kite shield
Jewellery
 f - the ring of Ubotan (left hand) {rF+ rCorr}
   (You found it on level 8 of the Dungeon)

   [ring of protection from fire]

   rF:        It protects you from fire.
   rCorr:     It protects you from acid and corrosion.
 q - a ring of see invisible
 G - a +4 ring of protection (right hand)
 H - an amulet of reflection (around neck)
Wands
 n - a wand of polymorph (6)
 r - a wand of flame (24)
 w - a wand of acid (9)
 C - a wand of paralysis (10)
Scrolls
 b - 2 scrolls of vulnerability {unknown}
 h - 2 scrolls of magic mapping
 k - a scroll of noise {unknown}
 t - 3 scrolls of teleportation
 u - 3 scrolls of immolation {unknown}
 v - 2 scrolls of fear {unknown}
 x - 2 scrolls of amnesia {unknown}
 F - a scroll of silence {unknown}
 I - a scroll of acquirement {unknown}
 J - a scroll of identify
Potions
 c - 3 potions of flight
 i - 5 potions of attraction
 j - 3 potions of might {unknown}
 l - 5 potions of magic {unknown}
 m - 3 potions of brilliance {unknown}
 o - 2 potions of haste {unknown}
 p - 4 potions of berserk rage {unknown}
 z - 5 potions of curing {unknown}
 A - 4 potions of ambrosia
 K - 2 potions of resistance {unknown}
Miscellaneous
 e - a phial of floods


   Skills:
 - Level 5.0 Fighting
 - Level 16.0 Axes
 - Level 1.5 Armour
 - Level 1.5 Dodging
 + Level 8.6 Shields


You had 11 spell levels left.
You didn't know any spells.
Your spell library was empty.

Dungeon Overview and Level Annotations

Branches:
Dungeon (13/15)            Temple (0/1) D:5            Lair (0/6) D:8
    Orc (0/2) D:12
 Vaults: D:13-14

Altars:
Fedhas
Kikubaaqudgha
Makhleb
Okawaru
Qazlal
Ru
Sif Muna
Uskayaw
Vehumet
Wu Jian
Xom
Yredelemnul

Shops:
D:7 (***   D:10 !   D:11 [


Innate Abilities, Weirdness & Mutations

You have razor-sharp teeth.
Your natural rate of healing is unusually fast.
When hurt, damage is shared between your health and your magic reserves.
Your bite disrupts and absorbs the magic of your enemies.
Potions cannot restore your health.


Message History

The large slime creature is severely wounded.
You hit the slime creature. You slice the slime creature!!
A slime creature comes into view.
The large slime creature hits you.
* * * LOW HITPOINT WARNING * * *
The slime creature hits you!
* * * LOW HITPOINT WARNING * * *
The slime creature hits you but does no damage.
You slice the large slime creature!!
You kill the large slime creature!
Trog accepts your kill.
You slice the slime creature!!
You kill the slime creature!
Trog accepts your kill.
You hit the slime creature. You slice the slime creature!!
The slime creature is almost dead.
The slime creature hits you but does no damage.
Unknown command.
You slash the slime creature!
You kill the slime creature!
Trog accepts your kill.
The manticore flicks its tail.
The volley of spikes hits you!
The barbed spikes become lodged in your body.
* * * LOW HITPOINT WARNING * * *
The barbs in your skin will harm you if you move.
Continue?
The barbed spikes dig painfully into your body as you move.
* * * LOW HITPOINT WARNING * * *
There is a stone staircase leading up, spattered with blood here.
You feel a strong urge to attack something.
You are no longer berserk.
You are exhausted.
You feel yourself slow down.
The manticore flicks its tail.
The volley of spikes hits you!
The barbed spikes become lodged in your body.
* * * LOW HITPOINT WARNING * * *
The barbed spikes dig painfully into your body as you move.
You die...

.) ... #.. ...##
..##... ......
J......
......###.......
#..........#
#.......#
..####..######
........#.##
........@..#
........†..=...#
........#...##..
....[.H####.#
.......# .#
....... .
....... . .....
..


You could see a manticore.

Vanquished Creatures
  A centaur warrior (D:12)
  5 two-headed ogres
  The ghost of horus123 the Thaumaturge, a novice DECj of Vehumet (D:10)
  A deep elf zephyrmancer (D:12)
  Pikel (D:6)
  2 ugly things
  Maurice (D:8)
  A gargoyle (D:11)
  A komodo dragon (D:11)
  A kobold demonologist (D:11)
  An efreet (D:10)
  2 trolls
  Grinder (D:4)
  4 slime creatures (D:13)
  Sigmund (D:4)
  2 water elementals
  3 vampires (D:11)
  A wraith (D:12)
  21 yaks
  Eustachio (D:4)
  3 wyverns
  3 vampire mosquitoes (D:12)
  2 water moccasins
  An ice beast (D:4)
  2 sky beasts
  4 black bears
  3 orc warriors
  7 ogres
  15 centaurs
  3 phantoms
  A lemure (D:6)
  5 bullfrogs
  4 scorpions
  A gnoll sergeant (D:10)
  A water moccasin skeleton (D:7)
  17 killer bees
  4 wights (D:8)
  13 electric eels
  2 howler monkeys
  5 centaur zombies
  2 hounds
  Crazy Yiuf (D:4)
  3 gnoll shamans
  A bullfrog skeleton (D:5)
  7 orc priests
  Jessica (D:3)
  4 iguanas
  5 orc wizards
  A killer bee zombie (D:6)
  20 gnolls
  A howler monkey skeleton (D:7)
  6 adders
  A shadow imp (D:6)
  4 white imps
  An ufetubus (D:5)
  An adder skeleton (D:5)
  A worm (D:5)
  2 dart slugs
  24 orcs
  6 ball pythons
  4 bats
  4 endoplasms
  9 giant cockroaches
  4 goblins
  9 hobgoblins
  6 jackals (D:2)
  2 kobolds
  5 quokkas
  3 frilled lizards (D:1)
  4 rats
290 creatures vanquished.

Vanquished Creatures (others)
  5 fungi
  6 plants (D:7)
11 creatures vanquished.

Grand Total: 301 creatures vanquished

Notes
Turn   | Place    | Note
-------+----------+-------------------------------------------
     0 | D:1      | SnakkuSnakku7 the Vine Stalker Berserker began the quest
                  | for the Orb.
     0 | D:1      | Reached XP level 1. HP: 11/11 MP: 2/2
   177 | D:1      | Reached XP level 2. HP: 16/16 MP: 3/3
   179 | D:1      | Reached skill level 3 in Axes
   243 | D:1      | Found a faded altar of an unknown god.
   870 | D:2      | Reached XP level 3. HP: 14/20 MP: 4/4
  1607 | D:3      | Noticed an ogre
  1613 | D:3      | Killed an ogre
  1614 | D:3      | Reached skill level 4 in Axes
  1614 | D:3      | Gained mutation: Your natural rate of healing is unusually
                  | fast. [Vine Stalker growth]
  1614 | D:3      | Reached XP level 4. HP: 17/25 MP: 2/5
  1614 | D:3      | Reached XP level 5. HP: 20/29 MP: 2/6
  1641 | D:3      | Reached ** piety under Trog
  1759 | D:3      | Noticed an ogre
  1765 | D:3      | Killed an ogre
  1766 | D:3      | Reached XP level 6. HP: 25/34 MP: 5/7
  1869 | D:3      | Noticed Jessica
  1879 | D:3      | Killed Jessica
  1968 | D:3      | Reached skill level 5 in Fighting
  1971 | D:3      | Found an ornate altar of the Wu Jian Council.
  2024 | D:3      | Reached skill level 5 in Axes
  2271 | D:4      | Noticed Grinder
  2274 | D:4      | Noticed Eustachio
  2279 | D:4      | Killed Grinder
  2280 | D:4      | Reached skill level 6 in Axes
  2280 | D:4      | Reached XP level 7. HP: 39/39 MP: 8/8
  2323 | D:4      | Killed Eustachio
  2324 | D:4      | Reached skill level 7 in Axes
  2378 | D:4      | Gained mutation: You have razor-sharp teeth. [Vine Stalker
                  | growth]
  2378 | D:4      | Reached XP level 8. HP: 43/43 MP: 9/9
  2551 | D:4      | Noticed Sigmund
  2552 | D:4      | Reached skill level 8 in Axes
  2554 | D:4      | Reached *** piety under Trog
  2563 | D:4      | Killed Sigmund
  2627 | D:4      | Found a runed translucent door.
  2628 | D:4      | Noticed Crazy Yiuf
  2763 | D:4      | Paralysed by Crazy Yiuf for 5 turns
  2770 | D:4      | Killed Crazy Yiuf
  2872 | D:5      | Entered Level 5 of the Dungeon
  2907 | D:5      | Reached skill level 9 in Axes
  2926 | D:5      | Found a staircase to the Ecumenical Temple.
  2936 | D:5      | Noticed a two-headed ogre
  2944 | D:5      | Killed a two-headed ogre
  2945 | D:5      | Reached skill level 10 in Axes
  2945 | D:5      | Reached XP level 9. HP: 29/47 MP: 4/10
  2984 | D:5      | Found a burning altar of Makhleb.
  3137 | D:5      | Identified the +4 mace of Cigez {speed, rElec rC- Int+6
                  | Stlth-}
  3508 | D:5      | Found a shimmering blue altar of Sif Muna.
  3575 | D:5      | Reached skill level 11 in Axes
  3904 | D:6      | Found a shimmering altar of Xom.
  3975 | D:6      | Noticed Pikel
  3995 | D:6      | Killed Pikel
  3996 | D:6      | Reached skill level 12 in Axes
  3996 | D:6      | Reached XP level 10. HP: 31/51 MP: 7/11
  4032 | D:6      | Found an iron altar of Okawaru.
  4284 | D:6      | Reached **** piety under Trog
  4571 | D:7      | Found Pezxiema's Assorted Antiques.
  4579 | D:7      | Bought a scroll labelled ZUELAW PEABB for 29 gold pieces
  4579 | D:7      | Bought a fizzy dark potion for 26 gold pieces
  4579 | D:7      | Bought a scroll labelled OMIFOE LENNIPP for 29 gold pieces
  4579 | D:7      | Bought a scroll labelled DAF GOICLIOD for 29 gold pieces
  4626 | D:7      | Found Foucad's Assorted Antiques.
  4638 | D:7      | Bought a kite shield for 121 gold pieces
  4638 | D:7      | Bought a scroll labelled ESKIAT SOGEDANK for 27 gold pieces
  4638 | D:7      | Bought a scroll labelled NOBEIM EJUBIN for 27 gold pieces
  4638 | D:7      | Bought a scroll labelled ESKIAT SOGEDANK for 27 gold pieces
  4661 | D:7      | Bought a glass ring for 135 gold pieces
  4698 | D:7      | Found Bumon's Antique Weapon Shop.
  4716 | D:7      | Reached skill level 13 in Axes
  4787 | D:7      | Found a blossoming altar of Fedhas.
  4788 | D:7      | Found a radiant altar of Vehumet.
  4808 | D:7      | Found a sacrificial altar of Ru.
  4808 | D:7      | Found a basalt altar of Yredelemnul.
  4861 | D:7      | Found Iraurism's Assorted Antiques.
  5036 | D:8      | Found a staircase to the Lair.
  5300 | D:8      | Noticed Maurice
  5350 | D:8      | Killed Maurice
  5350 | D:8      | Reached ***** piety under Trog
  5351 | D:8      | Reached skill level 14 in Axes
  5351 | D:8      | Reached XP level 11. HP: 55/55 MP: 12/12
  5487 | D:8      | Identified the ring of Ubotan {rF+ rCorr}
  5676 | D:9      | Found a hide-covered altar of Uskayaw.
  5972 | D:9      | Noticed a two-headed ogre
  5976 | D:9      | Noticed a two-headed ogre
  5983 | D:9      | Killed a two-headed ogre
  5991 | D:9      | Killed a two-headed ogre
  5992 | D:9      | Reached skill level 15 in Axes
  6368 | D:10     | Entered Level 10 of the Dungeon
  6460 | D:10     | Reached skill level 1 in Shields
  6465 | D:10     | Found Buyqu's Distillery.
  6493 | D:10     | Found an ancient bone altar of Kikubaaqudgha.
  6742 | D:10     | Received a gift from Trog
  7055 | D:10     | Found a runed translucent door.
  7056 | D:10     | Noticed horus123's ghost (novice DECj)
  7071 | D:10     | Killed horus123's ghost
  7176 | D:11     | Reached XP level 12. HP: 40/60 MP: 7/13
  7252 | D:11     | Found a stormy altar of Qazlal.
  7352 | D:11     | Noticed a two-headed ogre
  7383 | D:11     | Noticed a two-headed ogre
  7386 | D:11     | Killed a two-headed ogre
  7396 | D:11     | Killed a two-headed ogre
  7397 | D:11     | Reached skill level 16 in Axes
  7397 | D:11     | Reached skill level 5 in Shields
  7706 | D:11     | Found Pogginoo's Armour Emporium.
  8397 | D:12     | Noticed a boulder beetle
  8419 | D:12     | HP: 3/60 [red ugly thing (2)]
  8421 | D:12     | Found a staircase to the Orcish Mines.
  8458 | D:12     | Noticed a centaur warrior
  8466 | D:12     | Killed a centaur warrior
  8624 | D:12     | You fall into a shaft and drop 1 floor!
  8644 | D:13     | HP: 1/60 [manticore/volley of spikes (4)]
  8645 | D:13     | Succumbed to barbed spike wounds

Illustrated notes

Levels and vault maps discovered:
D:1:      dpeg_arrival_snail, layout_basic, ebering_ecumenical_altar_webs,
          hangedman_decor_opposing
D:2:      layout_basic, grunt_decor_fettered, st_stairs_12
D:3:      layout_loops_ring, mainiacjoe_overflow_boulevard, uniq_jessica
D:4:      layout_rooms, uniq_sigmund, uniq_grinder, uniq_eustachio,
          uniq_crazy_yiuf_cottage
D:5:      layout_basic, kennysheep_mini_moat, lemuel_coloured_pillars_altar,
          minmay_temple_entry_hall
D:6:      layout_loops_cross, mainiacjoe_overflow_alcove_4,
          mainiacjoe_overflow_tiny_flanked, uniq_pikel
D:7:      hangedman_cross_stitches, layout_cave_pools,
          nicolae_overflow_hidden_temple, serial_shops,
          nicolae_shop_overgrown_old_shop, nicolae_shop_overgrown_old_shop,
          kennysheep_mini, shop
D:8:      layout_basic, dpeg_oklobed_lair, uniq_maurice
D:9:      layout_basic, mainiacjoe_overflow_brackets, kennysheep_small_spiral
D:10:     layout_layer_cave, general_overflow_altar, serial_shops,
          nicolae_diamond_shop, gammafunk_ghost_grave, billiards_dpeg
D:11:     layout_basic, serial_glass, glass_columns_b, glass_columns_b,
          serial_shops, nicolae_inconvenience_store, st_stairs_3,
          grunt_qazlal_clouds
D:12:     minmay_slanted_spiral_squares, layout_basic, orc_0_dummy,
          vehumet_statue
D:13:     layout_cave_pools

Skill      XL: |  1  2  3  4  5  6  7  8  9 10 11 12 |
---------------+-------------------------------------+-----
Fighting       | 3 4 5 |  5.0
Axes           | 3 4 6 7 10 12 14 15 16 | 16.0
Shields        | 3 8 |  8.6
Armour         | |  1.5
Dodging        | |  1.5

Action                   |  1- 3 |  4- 6 |  7- 9 | 10-12 || total
-------------------------+-------+-------+-------+-------++-------
Melee: Hand axe          |    89 |       |       |       ||    89
       Bite              |    20 |    21 |    67 |   172 ||   280
       War axe           |     3 |    79 |   203 |   306 ||   591
       Broad axe         |       |       |       |   165 ||   165
Invok: Berserk           |     2 |     2 |     5 |    14 ||    23
       Trog's Hand       |       |     1 |       |     2 ||     3
Evoke: Wand              |       |       |       |    26 ||    26
  Use: Scroll            |       |       |       |    11 ||    11
Armor: Ring mail         |    40 |     1 |       |       ||    41
       Chain mail        |       |    47 |   115 |    10 ||   172
       Plate armour      |       |       |       |   262 ||   262
Dodge: Dodged            |    79 |    35 |    89 |   153 ||   356
Block: Other             |       |       |       |    15 ||    15
